 Dungeon Crawl Stone Soup version 0.20-a0-502-g555d78b (webtiles) character file.

32 Amnesiac the Sneak (level 3, -2/16 HPs)
             Began as a Spriggan Enchanter on Jan 21, 2017.
             Slain by an ogre (15 damage)
             ... on level 4 of the Dungeon.
             The game lasted 00:03:34 (1205 turns).

Amnesiac the Sneak (Spriggan Enchanter)             Turns: 1205, Time: 00:03:35

Health: -2/16      AC:  2    Str:  4    XL:     3   Next: 10%
Magic:  3/9        EV: 19    Int: 17    God:
Gold:   99         SH:  0    Dex: 16    Spells: 0/9 levels left

rFire    . . .     SeeInvis +   e - +2 dagger (venom)
rCold    . . .     Gourm    .   b - +0 robe
rNeg     . . .     Faith    .   (shield restricted)
rPois    .         Spirit   .   j - +0 hat
rElec    .         Reflect  .   (no cloak)
rCorr    .         Harm     .   (gloves unavailable)
MR       .....                  (boots unavailable)
Stlth    +++.......             (no amulet)
Regen    0.1/turn               (no ring)
                                (no ring)

@: very slightly contaminated, very quick
A: unfitting armour, see invisible, herbivore 3, speed 3, slow metabolism 2
a: no special abilities


You were on level 4 of the Dungeon.
You were not hungry.

You visited 1 branch of the dungeon, and saw 4 of its levels.

You collected 99 gold pieces.

Inventory:

Hand Weapons
 a - a +1 dagger
 e - a +2 dagger of venom (weapon)
Armour
 b - a +0 robe (worn)
 j - a +0 hat (worn)
Scrolls
 f - 2 scrolls of random uselessness {unknown}
 g - a scroll of fear {unknown}
 k - a scroll of amnesia {unknown}
Potions
 h - a potion of curing
 i - a potion of mutation {unknown}
 l - a potion of lignification {unknown}
Books
 c - a book of Maledictions

   Spells                             Type                      Level
   a - Corona                         Hexes                        1
   b - Ensorcelled Hibernation        Hexes/Ice                    2
   c - Confuse                        Hexes                        3
   d - Tukima's Dance                 Hexes                        3
   e - Dazzling Spray                 Conjuration/Hexes            3
Comestibles
 d - 3 bread rations


   Skills:
 + Level 1.2 Short Blades
 + Level 3.5 Dodging
 + Level 4.5 Stealth
 * Level 3.9 Spellcasting
 * Level 3.8 Hexes


You couldn't memorise any spells.
You knew the following spells:

 Your Spells              Type           Power        Failure   Level  Hunger
e - Confuse               Hex            ###.....     12%         3    ###....
f - Corona                Hex            ###....      3%          1    None
w - Tukima's Dance        Hex            ###.....     12%         3    ###....
z - Ensorcelled Hibernat  Hex/Ice        #.....       14%         2    ##.....


Dungeon Overview and Level Annotations

Branches:
Dungeon (4/15)
 Temple: D:4-7

Altars:

Annotations:
D:4 Amnesiac's ghost, weakling SpEn


Innate Abilities, Weirdness & Mutations

You are very small and have problems with some larger weapons.
You are too small for most types of armour.
You have supernaturally acute eyesight. (SInv)
You are a herbivore.
You cover ground extremely quickly.
You need consume almost no food.


Message History

There is a stone staircase leading up here.
The ogre hits you.
Things that are here:
a mace; a short sword
Casting: Confuse
Confirm with . or Enter, or press ? or * to list all spells.
Aiming: Confuse
Press: ? - help, Shift-Dir - straight line, f - ogre
Aim: an ogre (chance to defeat MR: 47%)
You miscast Confuse.
You are very lightly contaminated with residual magic.
The light around you dims momentarily.
Casting: Confuse
Confirm with . or Enter, or press ? or * to list all spells.
Aiming: Confuse
Press: ? - help, Shift-Dir - straight line, f/p - ogre
Aim: an ogre (chance to defeat MR: 47%)
The ogre resists with some effort.
The ogre hits you!
Ouch! That really hurt!
You die...

######.#.# ###....####.#.##
#.#.# #.........#....####.#
##.#.# #.........#..#.......
#.<#.# #.........##...####.#
#.##.# ####..%######.##
#.##.# #...# #.#####.# #.##.#
#...######.......#
#.##.########.##.......######
##.##..##<..O@....####..#
#...#..##.####.#######..#
#.......................#
#...##.##.####.#######..#
#####.###.##.# #.# #....#
..........##.# #.### #.##.#
##.##.######.# ##...###.##.#
##.#.# #.# #...........##
....... #.# #.....##o#.(.#


You could see an ogre.

Vanquished Creatures
  A howler monkey skeleton (D:4)
  A worm (D:4)
  3 orcs (D:4)
  A goblin (D:1)
  3 hobgoblins (D:1)
  A ball python (D:3)
  A bat (D:1)
  2 frilled lizards
  3 kobolds
  2 rats (D:1)
18 creatures vanquished.

Vanquished Creatures (others)
  A dancing weapon (D:4)
1 creature vanquished.

Grand Total: 19 creatures vanquished

Notes
Turn   | Place    | Note
-------+----------+-------------------------------------------
     0 | D:1      | Amnesiac the Spriggan Enchanter began the quest for the Orb.
     0 | D:1      | Reached XP level 1. HP: 9/9 MP: 5/5
   110 | D:1      | Reached XP level 2. HP: 12/13 MP: 5/7
   164 | D:1      | Learned a level 2 spell: Ensorcelled Hibernation
   425 | D:4      | Noticed an ogre
   479 | D:4      | Noticed Amnesiac's ghost (weakling SpEn)
   740 | D:4      | Reached XP level 3. HP: 10/16 MP: 9/9
   924 | D:4      | Learned a level 3 spell: Tukima's Dance
   929 | D:4      | Learned a level 3 spell: Confuse
  1205 | D:4      | Slain by an ogre

Vault maps used:
D:1:      lemuel_arrival_behind_the_door_large, minmay_hexomino_f4
D:3:      led_xom_imps, minmay_door_square
D:4:      first_bread, makhleb_heckhound_becter

Skill      XL: |  1 |
---------------+----+-----
Spellcasting   | 3 |  3.9
Short Blades   | |  1.2
Dodging        | |  3.5
Stealth        | |  4.5
Hexes          | |  3.8

Action                   || total
-------------------------++-------
Melee: Dagger            ||    53
 Cast: Corona            ||     3
       Ensorcelled Hiber ||     3
       Confuse           ||     3
       Tukima's Dance    ||     1
  Use: Potion            ||     1
 Stab: Sleeping          ||     9
Armor: Robe              ||     1
Dodge: Dodged            ||    33
